TOP OF THE 1ST |
Seattle Pikes batting - Pitching for Portland Cards : RHP Manuel Fuentes
|
Pitching: RHP Manuel Fuentes
|
|
Batting: RHB Wallace Greene
|
0-0: Ball 1-0: Foul Ball, location: 2F 1-1: Called Strike 1-2: Ball 2-2: Strikes out swinging
|
Batting: LHB Keith Tillman
|
0-0: Ball 1-0: Ground out 4-3 (Groundball, 4)
|
Batting: RHB António Ortega
|
0-0: Called Strike 0-1: Ground out 1-3 (Groundball, 23)
|
Top of the 1st over - 0 run(s), 0 hit(s), 0 error(s), 0 left on base; Seattle 0 - Portland 0 |
BOTTOM OF THE 1ST |
Portland Cards batting - Pitching for Seattle Pikes : RHP Jesús Suárez
|
Pitching: RHP Jesús Suárez
|
|
Batting: RHB Aaron Scott
|
0-0: Called Strike 0-1: Ball 1-1: Swinging Strike 1-2: Ball 2-2: Ball 3-2: SINGLE (Groundball, 4MD)
|
Batting: LHB Keith Beard
|
0-0: Ball 1-0: Foul Ball, location: 2F 1-1: Foul Ball, location: 2F 1-2: Ball 2-2: SINGLE (Groundball, 34D) Aaron Scott to second Runner from 2nd tries for 3rd, SAFE, no throw or cutoff
|
Batting: LHB Jeff Daniels
|
0-0: Ball 1-0: Fly out, F6 (Line Drive, 6)
|
Batting: RHB Paco Arellano
|
0-0: Swinging Strike 0-1: Ball 1-1: Ball 2-1: Grounds into double play, 4-6-3 (Groundball, 34)
|
Bottom of the 1st over - 0 run(s), 2 hit(s), 0 error(s), 1 left on base; Seattle 0 - Portland 0 |
TOP OF THE 2ND |
Seattle Pikes batting - Pitching for Portland Cards : RHP Manuel Fuentes
|
Batting: RHB Alfredo Rivera
|
0-0: Ground out 4-3 (Groundball, 4M)
|
Batting: RHB Manuel Rico
|
0-0: Foul Ball, location: 2F 0-1: Swinging Strike 0-2: Strikes out swinging
|
Batting: LHB Chad Weaver
|
0-0: Called Strike 0-1: Ball 1-1: Ball 2-1: Fly out, F7 (Line Drive, 7S)
|
Top of the 2nd over - 0 run(s), 0 hit(s), 0 error(s), 0 left on base; Seattle 0 - Portland 0 |
BOTTOM OF THE 2ND |
Portland Cards batting - Pitching for Seattle Pikes : RHP Jesús Suárez
|
Batting: LHB Tom Blake
|
0-0: Swinging Strike 0-1: Ball 1-1: Swinging Strike 1-2: Ball 2-2: Foul Ball, location: 2F 2-2: Foul Ball, location: 2F 2-2: Strikes out swinging
|
Batting: RHB Lonson Seals
|
0-0: Swinging Strike 0-1: DOUBLE (Line Drive, 7LM)
|
Batting: LHB Donovan Bird
|
0-0: Ball 1-0: Ball 2-0: Swinging Strike 2-1: Called Strike 2-2: Ball 3-2: DOUBLE (Line Drive, 3D) Lonson Seals scores
|
Batting: RHB Germán Rosales
|
0-0: Called Strike 0-1: Called Strike 0-2: Ball 1-2: Ground out 6-3 (Groundball, 6M) Donovan Bird to third
|
Batting: RHB Dani Vázquez
|
0-0: Foul Ball, location: 2F 0-1: Swinging Strike 0-2: Foul Ball, location: 2F 0-2: Ball 1-2: Foul Ball, location: 2F 1-2: Ball 2-2: Ball 3-2: Ground out 2-3 (Groundball, 23)
|
Bottom of the 2nd over - 1 run(s), 2 hit(s), 0 error(s), 1 left on base; Seattle 0 - Portland 1 |
TOP OF THE 3RD |
Seattle Pikes batting - Pitching for Portland Cards : RHP Manuel Fuentes
|
Batting: RHB Jesús Torres
|
0-0: Ball 1-0: Called Strike 1-1: Ball 2-1: Foul Ball, location: 2F 2-2: Foul Ball, location: 2F 2-2: Ball 3-2: Ground out 4-3 (Groundball, 4)
|
Batting: LHB Jesús Núńez
|
0-0: Ball 1-0: Called Strike 1-1: Ball 2-1: Ball 3-1: Swinging Strike 3-2: Foul Ball, location: 2F 3-2: Strikes out looking
|
Batting: RHB Kazushige Aoki
|
0-0: SINGLE (Line Drive, 4M)
|
Batting: RHB Wallace Greene
|
0-0: Ball 1-0: Foul Ball, location: 2F 1-1: SINGLE (Line Drive, 34D) Kazushige Aoki to second
|
Batting: LHB Keith Tillman
|
0-0: Swinging Strike 0-1: SINGLE (Line Drive, 4MD) Kazushige Aoki to third Wallace Greene to second Runner from 3rd tries for Home, SAFE, no throw or cutoff
|
Batting: RHB António Ortega
|
0-0: Called Strike 0-1: Ball 1-1: Ball 2-1: SINGLE (Line Drive, 34D) Wallace Greene to third Keith Tillman to second Runner from 3rd tries for Home, SAFE, no throw or cutoff
|
Batting: RHB Alfredo Rivera
|
0-0: Ball 1-0: Called Strike 1-1: Ball 2-1: Foul Ball, location: 2F 2-2: Ball 3-2: Foul Ball, location: 2F 3-2: Ground out 6-3 (Groundball, 6)
|
Top of the 3rd over - 2 run(s), 4 hit(s), 0 error(s), 2 left on base; Seattle 2 - Portland 1 |
BOTTOM OF THE 3RD |
Portland Cards batting - Pitching for Seattle Pikes : RHP Jesús Suárez
|
Batting: RHB Aaron Scott
|
0-0: Ball 1-0: Ball 2-0: Called Strike 2-1: Swinging Strike 2-2: Foul Ball, location: 2F 2-2: Strikes out swinging
|
Batting: LHB Keith Beard
|
0-0: Foul Ball, location: 2F 0-1: Ground out 5-3 (Groundball, 6S)
|
Batting: LHB Jeff Daniels
|
0-0: Ball 1-0: Fly out, F5 (Popup, 25F)
|
Bottom of the 3rd over - 0 run(s), 0 hit(s), 0 error(s), 0 left on base; Seattle 2 - Portland 1 |
TOP OF THE 4TH |
Seattle Pikes batting - Pitching for Portland Cards : RHP Manuel Fuentes
|
Batting: RHB Manuel Rico
|
0-0: Ball 1-0: Ball 2-0: Ball 3-0: Called Strike 3-1: Foul Ball, location: 2F 3-2: DOUBLE (Flyball, 7LD)
|
Batting: LHB Chad Weaver
|
0-0: Called Strike 0-1: Foul Ball, location: 2F 0-2: Ball 1-2: Fly out, F5 (Popup, 5F)
|
Batting: RHB Jesús Torres
|
0-0: Called Strike 0-1: Ball 1-1: Ground out 5-3 (Groundball, 56)
|
Batting: LHB Jesús Núńez
|
0-0: Called Strike 0-1: Fly out, F9 (Line Drive, 89S)
|
Top of the 4th over - 0 run(s), 1 hit(s), 0 error(s), 1 left on base; Seattle 2 - Portland 1 |
BOTTOM OF THE 4TH |
Portland Cards batting - Pitching for Seattle Pikes : RHP Jesús Suárez
|
Batting: RHB Paco Arellano
|
0-0: Called Strike 0-1: Ball 1-1: Foul Ball, location: 2F 1-2: Strikes out looking
|
Batting: LHB Tom Blake
|
0-0: Called Strike 0-1: Ball 1-1: Foul Ball, location: 2F 1-2: Strikes out looking
|
Batting: RHB Lonson Seals
|
0-0: Called Strike 0-1: Swinging Strike 0-2: DOUBLE (Line Drive, 89M)
|
Batting: LHB Donovan Bird
|
0-0: Called Strike 0-1: Ball 1-1: Foul Ball, location: 2F 1-2: Strikes out swinging
|
Bottom of the 4th over - 0 run(s), 1 hit(s), 0 error(s), 1 left on base; Seattle 2 - Portland 1 |
TOP OF THE 5TH |
Seattle Pikes batting - Pitching for Portland Cards : RHP Manuel Fuentes
|
Batting: RHB Kazushige Aoki
|
0-0: Called Strike 0-1: Ball 1-1: SINGLE (Groundball, 56D)
|
Batting: RHB Wallace Greene
|
0-0: Called Strike 0-1: Foul Ball, location: 2F 0-2: Ball 1-2: Foul Ball, location: 2F 1-2: Foul Ball, location: 2F 1-2: Ball 2-2: Ball 3-2: Foul Ball, location: 2F 3-2: Fly out, F7 (Line Drive, 78D)
|
Batting: LHB Keith Tillman
|
0-0: Called Strike 0-1: Ball 1-1: Ball 2-1: Ball Kazushige Aoki steals 2nd base 3-1: Swinging Strike 3-2: Foul Ball, location: 2F 3-2: Strikes out swinging
|
Batting: RHB António Ortega
|
0-0: Called Strike 0-1: Foul Ball, location: 2F 0-2: SINGLE (Line Drive, 6D) Kazushige Aoki to third
|
Batting: RHB Alfredo Rivera
|
0-0: 3-RUN HOME RUN (Flyball, 7D), Distance : 348 ft
|
Batting: RHB Manuel Rico
|
0-0: Called Strike 0-1: Ball 1-1: Called Strike 1-2: Strikes out swinging
|
Top of the 5th over - 3 run(s), 3 hit(s), 0 error(s), 0 left on base; Seattle 5 - Portland 1 |
BOTTOM OF THE 5TH |
Portland Cards batting - Pitching for Seattle Pikes : RHP Jesús Suárez
|
Batting: RHB Germán Rosales
|
0-0: Ball 1-0: Ball 2-0: Ball 3-0: Called Strike 3-1: Ground out 2-3 (Groundball, 2L)
|
Batting: RHB Dani Vázquez
|
0-0: Called Strike 0-1: Ball 1-1: SINGLE (Groundball, 34D)
|
Batting: RHB Aaron Scott
|
0-0: Ball 1-0: Called Strike 1-1: Ball 2-1: Ball 3-1: Called Strike 3-2: Grounds into double play, 6-4-3 (Groundball, 6D)
|
Bottom of the 5th over - 0 run(s), 1 hit(s), 0 error(s), 0 left on base; Seattle 5 - Portland 1 |
TOP OF THE 6TH |
Seattle Pikes batting - Pitching for Portland Cards : RHP Manuel Fuentes
|
Pitching: RHP Eusébio Lagarto
|
|
Batting: LHB Chad Weaver
|
0-0: Ball 1-0: Swinging Strike 1-1: Fly out, F5 (Popup, 56S)
|
Batting: RHB Jesús Torres
|
0-0: Swinging Strike 0-1: Swinging Strike 0-2: Strikes out swinging
|
Batting: LHB Jesús Núńez
|
0-0: Ball 1-0: Foul Ball, location: 2F 1-1: Fly out, F6 (Popup, 5D)
|
Top of the 6th over - 0 run(s), 0 hit(s), 0 error(s), 0 left on base; Seattle 5 - Portland 1 |
BOTTOM OF THE 6TH |
Portland Cards batting - Pitching for Seattle Pikes : RHP Jesús Suárez
|
Pitching: LHP Manny Sandoval
|
|
Batting: LHB Keith Beard
|
0-0: Ball 1-0: Ground out 3-1 (Groundball, 34)
|
Batting: LHB Jeff Daniels
|
0-0: Ball 1-0: Ball 2-0: Called Strike 2-1: Foul Ball, location: 2F 2-2: Ball 3-2: Ground out 4-3 (Groundball, 4)
|
Batting: RHB Paco Arellano
|
0-0: Foul Ball, location: 2F 0-1: Ground out 6-3 (Groundball, 56)
|
Bottom of the 6th over - 0 run(s), 0 hit(s), 0 error(s), 0 left on base; Seattle 5 - Portland 1 |
TOP OF THE 7TH |
Seattle Pikes batting - Pitching for Portland Cards : RHP Eusébio Lagarto
|
Batting: RHB Kazushige Aoki
|
0-0: Hit by Pitch
|
Batting: RHB Wallace Greene
|
0-0: Ball 1-0: Called Strike 1-1: Ball 2-1: Swinging Strike 2-2: Foul Ball, location: 2F 2-2: Ball 3-2: Foul Ball, location: 2F 3-2: Grounds into double play, 6-4-3 (Groundball, 6)
|
Batting: LHB Keith Tillman
|
0-0: Ball 1-0: Ball 2-0: Ball 3-0: Called Strike 3-1: Base on Balls
|
Batting: RHB António Ortega
|
0-0: Called Strike 0-1: Called Strike 0-2: Ball 1-2: Strikes out swinging
|
Top of the 7th over - 0 run(s), 0 hit(s), 0 error(s), 1 left on base; Seattle 5 - Portland 1 |
BOTTOM OF THE 7TH |
Portland Cards batting - Pitching for Seattle Pikes : LHP Manny Sandoval
|
Batting: LHB Tom Blake
|
0-0: Ball 1-0: Called Strike 1-1: Ball 2-1: Called Strike 2-2: Strikes out swinging
|
Batting: RHB Lonson Seals
|
0-0: Called Strike 0-1: Ball 1-1: Foul Ball, location: 2F 1-2: Ball 2-2: Foul Ball, location: 2F 2-2: Strikes out looking
|
Batting: LHB Donovan Bird
|
0-0: Called Strike 0-1: Called Strike 0-2: Ball 1-2: Ball 2-2: Fly out, F9 (Line Drive, 89S)
|
Bottom of the 7th over - 0 run(s), 0 hit(s), 0 error(s), 0 left on base; Seattle 5 - Portland 1 |
TOP OF THE 8TH |
Seattle Pikes batting - Pitching for Portland Cards : RHP Eusébio Lagarto
|
Pitching: RHP Ron Biller
|
|
Batting: RHB Alfredo Rivera
|
0-0: Foul Ball, location: 2F 0-1: Ball 1-1: SINGLE (Flyball, 8LS)
|
Batting: RHB Manuel Rico
|
0-0: SINGLE (Groundball, 56D) Alfredo Rivera to second
|
Batting: LHB Chad Weaver
|
0-0: Ball 1-0: Bunted foul 1-1: Bunted foul 1-2: Foul Ball, location: 2F 1-2: Ball 2-2: Grounds into DOUBLE play, U5-4-3 2-2: Grounds into DOUBLE play, U5-4-3 (Groundball, 5L)
|
Batting: RHB Jesús Torres
|
0-0: Called Strike 0-1: SINGLE (Line Drive, 4M) Chad Weaver to second Runner from 2nd tries for 3rd, OUT!
|
Top of the 8th over - 0 run(s), 3 hit(s), 0 error(s), 1 left on base; Seattle 5 - Portland 1 |
BOTTOM OF THE 8TH |
Portland Cards batting - Pitching for Seattle Pikes : LHP Manny Sandoval
|
Pitching: RHP Orlando Ojeda
|
|
Batting: RHB Germán Rosales
|
0-0: Ball 1-0: Swinging Strike 1-1: Foul Ball, location: 2F 1-2: Strikes out swinging
|
Batting: RHB Dani Vázquez
|
0-0: Called Strike 0-1: Called Strike 0-2: Ball 1-2: Strikes out swinging
|
Batting: RHB Aaron Scott
|
0-0: Called Strike 0-1: Swinging Strike 0-2: Ball 1-2: Ball 2-2: Strikes out swinging
|
Bottom of the 8th over - 0 run(s), 0 hit(s), 0 error(s), 0 left on base; Seattle 5 - Portland 1 |
TOP OF THE 9TH |
Seattle Pikes batting - Pitching for Portland Cards : RHP Ron Biller
|
Batting: LHB Jesús Núńez
|
0-0: Ball 1-0: Fly out, F9 (Flyball, 9LM)
|
Batting: RHB Kazushige Aoki
|
0-0: Ball 1-0: Foul Ball, location: 2F 1-1: Ball 2-1: Fly out, F4 (Line Drive, 4M)
|
Batting: RHB Wallace Greene
|
0-0: Ball 1-0: Called Strike 1-1: Ball 2-1: Ground out 6-3 (Groundball, 6M)
|
Top of the 9th over - 0 run(s), 0 hit(s), 0 error(s), 0 left on base; Seattle 5 - Portland 1 |
BOTTOM OF THE 9TH |
Portland Cards batting - Pitching for Seattle Pikes : RHP Orlando Ojeda
|
Batting: LHB Keith Beard
|
0-0: Ball 1-0: DOUBLE (Line Drive, 9LD)
|
Batting: LHB Jeff Daniels
|
0-0: Called Strike 0-1: Ball 1-1: SINGLE (Groundball, 6MD) Keith Beard to third
|
Pitching: LHP Cristián Escobar
|
|
Batting: RHB Paco Arellano
|
0-0: Swinging Strike 0-1: Called Strike 0-2: Foul Ball, location: 2F 0-2: Strikes out swinging
|
Batting: LHB Tom Blake
|
0-0: Ball 1-0: Ball 2-0: Called Strike 2-1: Ball 3-1: Foul Ball, location: 2F 3-2: Foul Ball, location: 2F 3-2: Strikes out looking
|
Batting: RHB Lonson Seals
|
0-0: Ball 1-0: Fly out, F8 (Flyball, 8RD)
|
Bottom of the 9th over - 0 run(s), 2 hit(s), 0 error(s), 2 left on base; Seattle 5 - Portland 1 |
|